 Dungeon Crawl Stone Soup version 0.18.1-2-ga659475 (webtiles) character file.

29 jacquesderrida the Changer (level 3, -4/18 HPs)
             Began as a Vine Stalker Wanderer on May 8, 2016.
             Killed from afar by an orc wizard (5 damage)
             ... with a magic dart
             ... on level 3 of the Dungeon.
             The game lasted 00:02:57 (408 turns).

jacquesderrida the Changer (Vine Stalker Wanderer)   Turns: 408, Time: 00:02:57

Health: -4/18      AC:  2    Str: 15    XL:     3   Next: 16%
Magic:  0/5        EV: 11    Int: 12    God:
Gold:   27         SH:  0    Dex: 13    Spells: 0 memorised, 4 levels left

rFire  . . .     SeeInvis .     h - +0 whip
rCold  . . .     Gourm    .     c - +0 robe
rNeg   . . .     Faith    .     (no shield)
rPois  .         Spirit   +     (no helmet)
rElec  .         Dismiss  .     (no cloak)
rCorr  .         Reflect  .     (no gloves)
SustAt .         Harm     .     (no boots)
MR     .....                    (no amulet)
Stlth  ++........               (no ring)
                                (no ring)

@: very slightly contaminated, hasted, very quick, not resistant to hostile
enchantments, unstealthy
A: fangs 2, regeneration 1, magic shield, antimagic bite, no device heal 3, rot
immunity
a: no special abilities


You were on level 3 of the Dungeon.
You were not hungry.

You visited 1 branch of the dungeon, and saw 3 of its levels.

You collected 27 gold pieces.

Inventory:

Hand Weapons
 d - a +0 club
 e - a +0 dagger
 h - a +0 whip (weapon)
Armour
 c - a +0 robe (worn)
Scrolls
 g - 2 scrolls of identify {unknown}
 j - a scroll of enchant armour {unknown}
 l - a scroll of fog {unknown}
Potions
 b - a potion of lignification
 i - a potion of agility {unknown}
Books
 a - a book of Minor Magic

   Spells                             Type                      Level
   a - Magic Dart                     Conjuration                  1
   b - Blink                          Translocation                2
   c - Call Imp                       Summoning                    2
   d - Repel Missiles                 Charms/Air                   2
   e - Slow                           Hexes                        2
   f - Conjure Flame                  Conjuration/Fire             3
   g - Mephitic Cloud                 Conjuration/Poison/Air       3
Comestibles
 f - 3 bread rations


   Skills:
 + Level 2.1 Fighting
 + Level 1.5 Maces & Flails
 - Level 1.0 Armour
 + Level 0.7 Dodging
 - Level 2.4 Stealth
 - Level 1.1 Spellcasting
   Level 1.0 Hexes
   Level 3.0 Transmutations


You had 4 spell levels left.
You didn't know any spells.

Dungeon Overview and Level Annotations

Branches:
Dungeon (3/15)

Altars:


Innate Abilities, Weirdness & Mutations

You have extremely sharp teeth.
Your natural rate of healing is unusually fast.
When hurt, damage is shared between your health and your magic reserves.
Your bite disrupts and absorbs the magic of your enemies.
Potions and wands cannot restore your health.
You are immune to rotting.


Message History

You see here a quokka corpse.
You hit the orc wizard. You bite the orc wizard.
The orc wizard's magic leaks into the air.
You drain its magic.
You feel invigorated.
The orc wizard is moderately wounded.
The orc wizard hits you with a dagger.
* * * LOW HITPOINT WARNING * * *
You closely miss the orc wizard.
You bite the orc wizard, but do no damage.
The orc wizard is moderately wounded.
The orc wizard falters for a moment.
You barely miss the orc wizard.
The orc wizard is moderately wounded.
The orc wizard hits you with a dagger.
* * * LOW HITPOINT WARNING * * *
You closely miss the orc wizard. Your bite misses the orc wizard.
The orc wizard is moderately wounded.
The orc wizard gestures at you while chanting.
The magic dart hits you!
You die...

#.# #.# #.#
#.# #.#
####.######
#....>....#
#.##o####.#
####.##@# #.#
#.......# #J#
#.##.#### #.#
# #.# #.# #.#
#.#
#<#######.#
#...†.....#
#..........###
##########.#


You could see an orc wizard.

Vanquished Creatures
  An ooze (D:3)
  An orc (D:3)
  A bat (D:1)
  A giant cockroach (D:1)
  2 goblins (D:1)
  3 hobgoblins
  8 kobolds
  3 quokkas
  A rat (D:2)
21 creatures vanquished.

Notes
Turn   | Place    | Note
--------------------------------------------------------------
     0 | D:1      | jacquesderrida the Vine Stalker Wanderer began the quest for the Orb.
     0 | D:1      | jacquesderrida set off with: a book of Minor Magic, a potion of lignification, a +0 robe, a +0 club, a +0 dagger, a bread ration
     0 | D:1      | Reached XP level 1. HP: 10/10 MP: 3/3
     8 | D:1      | Noticed a salamander
     8 | D:1      | Noticed a wolf
     8 | D:1      | Noticed a polar bear
     9 | D:1      | Noticed a six-headed hydra
   107 | D:1      | Reached XP level 2. HP: 11/15 MP: 4/4
   332 | D:3      | Reached XP level 3. HP: 4/18 MP: 2/5
   408 | D:3      | Killed from afar by an orc wizard

Skill      XL: |  1  2 |
---------------+-------+-----
Fighting       | 2 |  2.1
Maces & Flails | |  1.5
Armour         | |  1.0
Dodging        | |  0.7
Stealth        | |  2.4
Spellcasting   | |  1.1
Hexes          | |  1.0
Transmutations | |  3.0

Action                   || total
-------------------------++-------
Melee: Club              ||    21
       Bite              ||    28
       Whip              ||   103
  Use: Potion            ||     1
 Stab: Sleeping          ||     2
Armor: Robe              ||    17
Dodge: Dodged            ||    66
